Workbook
Name \0: #REF!
Name \0: #REF!
Name \0: #REF!
Name \A: #REF!
Name \A: #REF!
Name \A: #REF!
Name \B: #REF!
Name \B: #REF!
Name \B: #REF!
Name \bmiii: [1]Q6!$E$32:$AH$32
Name \C: #REF!
Name \C: #REF!
Name \C: #REF!
Name \cc: [2]Debt!#REF!
Name \cc: [2]Debt!#REF!
Name \cc: [2]Debt!#REF!
Name \D: #REF!
Name \D: #REF!
Name \D: #REF!
Name \E: #REF!
Name \E: #REF!
Name \E: #REF!
Name \F: #REF!
Name \F: #REF!
Name \F: #REF!
Name \G: #REF!
Name \G: #REF!
Name \gg: [2]Debt!#REF!
Name \H: #REF!
Name \H: #REF!
Name \H: #REF!
Name \I: #REF!
Name \I: #REF!
Name \I: #REF!
Name \J: #REF!
Name \J: #REF!
Name \J: #REF!
Name \K: #REF!
Name \K: #REF!
Name \kk: [2]Debt!#REF!
Name \L: #REF!
Name \L: #REF!
Name \L: #REF!
Name \M: #REF!
Name \M: #REF!
Name \M: #REF!
Name \N: #REF!
Name \N: #REF!
Name \N: #REF!
Name \Ñ: #REF!
Name \Ñ: #REF!
Name \O: #REF!
Name \O: #REF!
Name \P: #REF!
Name \P: #REF!
Name \Q: #REF!
Name \Q: #REF!
Name \R: #REF!
Name \R: #REF!
Name \S: #REF!

Sheet Dinámica 
A1: MINISTERIO DE HACIENDA Y ECONOMÍA
A2: DIRECCIÓN GENERAL DE PRESUPUESTO
A3: DIRECCIÓN DE ESTUDIOS ECONÓMICOS Y SEGUIMIENTO FINANCIERO
A5: Ejecución del Gasto del Gobierno Central
A6: Tabla dinámica
A7: Ejecución 1ro de enero - 23 de octubre de 2026 (fecha de imputación)
A8: Ejecución 1ro de enero - 26 de octubre de 2026 (fecha de registro)
A9: En RD$
A13: Etiquetas de fila | B13: Sum of Suma de INICIAL | C13: Suma de Suma de VIGENTE | D13: Sum of Suma de DEVENGADO
A14: 1.1.1.1.1 - Administración central | B14: 1744025968276 | C14: 1.7908211e+12 | D14: 1.3780275e+12
A15: 2 - GASTOS | B15: 1622833406287 | C15: 1.6696285e+12 | D15: 1.2977057e+12
A16: 2.1 - Gastos corrientes | B16: 1407548685832 | C16: 1.4480145e+12 | D16: 1.1479474e+12
A17: 2.1.2 - Gastos de consumo | B17: 542875526448 | C17: 5.6220157e+11 | D17: 4.1603764e+11
A18: 2.1.3 - Prestaciones de la seguridad social | B18: 101897864549 | C18: 8.8959784e+10 | D18: 7.3095927e+10
A19: 2.1.4 - Intereses de la deuda | B19: 324257115564 | C19: 311003416933 | D19: 2.5094025e+11
A20: 2.1.5 - Subvenciones otorgadas a empresas | B20: 13786016885 | C20: 4.3668252e+10 | D20: 4.0200061e+10
A21: 2.1.6 - Transferencias corrientes otorgadas | B21: 424672198458 | C21: 4.4202071e+11 | D21: 3.6751665e+11
A22: 2.1.9 - Otros gastos corrientes | B22: 59963928 | C22: 1.6073083e+08 | D22: 1.5681798e+08
A23: 2.2 - Gastos de capital | B23: 215284720455 | C23: 2.2161405e+11 | D23: 1.4975834e+11
A24: 2.2.1 - Construcciones en proceso | B24: 65675086633 | C24: 7.272354e+10 | D24: 5.1248742e+10
A25: 2.2.2 - Activos fijos (formación bruta de capital fijo) | B25: 71387716208 | C25: 6.3894018e+10 | D25: 3.8824244e+10
... A36: Total general | B36: 1744025968276 | C36: 1.7908211e+12 | D36: 1.3780275e+12

Sheet Fiscal Mes
A1: MINISTERIO DE HACIENDA Y ECONOMÍA
A2: DIRECCIÓN GENERAL DE PRESUPUESTO
A3: DIRECCIÓN DE ESTUDIOS ECONÓMICOS Y SEGUIMIENTO FINANCIERO
A5: Cuenta de Ahorro, Inversión y Financiamiento
A6: Gobierno Central
A7: Ejecución 1ero de enero - 23 de octubre de 2026*
A8: Ley núm. 99-25
A9: En Millones RD$
C11: Indicadores | D11: Pres. Inicial | E11: Pres. Vigente | F11: Devengado | G11: % Devengado | H11: % del PIB
D12: Ley núm. 99-25
D13: 1 | E13: 2 | F13: 3 | G13: 4= 3/2 | H13: 5= (3/PIB)
C14: 1 - INGRESOS | D14: =D15+D17 -> 1342258153546 | E14: =E15+E17 -> 1.3847017e+12 | F14: =F15+F17 -> 1095408 | G14: =IFERROR((F14*1000000)/E14,"-") -> 0.79107866 | H14: =1000000*F14/$D$34 -> 0.12557182
C15: 1.1 - Ingresos corrientes | D15: 1340556923171 | E15: 1.3818421e+12 | F15: 1094825 | G15: =IFERROR((F15*1000000)/E15,"-") -> 0.79229388 | H15: =1000000*F15/$D$34 -> 0.12550498
C16: 1.1.6.5 - Donaciones Corrientes | D16: 432436385 | E16: 6.7979469e+08 | F16: 1046 | G16: =IFERROR((F16*1000000)/E16,"-") -> 1.5386999 | H16: =1000000*F16/$D$34 -> 0.00011990794
C17: 1.2 - Ingresos de capital | D17: 1701230375 | E17: 2.8596929e+09 | F17: 583 | G17: =IFERROR((F17*1000000)/E17,"-") -> 0.20386805 | H17: =1000000*F17/$D$34 -> 6.6832056e-05
C18: 1.2.4.4 - Donaciones de Capital | D18: 1701230375 | E18: 1.7754131e+09 | F18: 424 | G18: =IFERROR((F18*1000000)/E18,"-") -> 0.23881766 | H18: =1000000*F18/$D$34 -> 4.8605132e-05
C19: 2 - GASTOS | D19: =D20+D22 -> 1622833406287 | E19: =E20+E22 -> 1.6696285e+12 | F19: =F20+F22 -> 1.2977057e+12 | G19: =IFERROR(F19/E19,"-") -> 0.77724217 | H19: =F19/$D$34 -> 0.14876216
C20: 2.1 - Gastos corrientes | D20: 1407548685832 | E20: =Económica!D15 -> 1.4480145e+12 | F20: =Económica!E15 -> 1.1479474e+12 | G20: =IFERROR(F20/E20,"-") -> 0.7927734 | H20: =F20/$D$34 -> 0.13159465
C21: 2.1.4 - Intereses de la deuda | D21: 324257115564 | E21: =Económica!D18 -> 311003416933 | F21: =Económica!E18 -> 2.5094025e+11 | G21: =IFERROR(F21/E21,"-") -> 0.80687298 | H21: =F21/$D$34 -> 0.028766472
C22: 2.2 - Gastos de capital | D22: 215284720455 | E22: =+Económica!D22 -> 2.2161405e+11 | F22: =+Económica!E22 -> 1.4975834e+11 | G22: =IFERROR(F22/E22,"-") -> 0.67576195 | H22: =F22/$D$34 -> 0.017167509
C23: RESULTADOS
C24: Resultado de la cuenta corriente (1.1-2.1) | D24: =D15-D20 -> -66991762661 | E24: =E15-E20 -> -6.6172418e+10 | F24: =1000000*F15-F20 -> -5.3122352e+10 | G24: =IFERROR(F24/E24,"-") -> 0.80278692 | H24: =F24/$D$34 -> -0.0060896672
C25: Resultado de la cuenta de capital (1.2-2.2) | D25: =D17-D22 -> -213583490080 | E25: =E17-E22 -> -2.1875436e+11 | F25: =1000000*F17-F22 -> -1.4917534e+11 | G25: =IFERROR(F25/E25,"-") -> 0.68193084 | H25: =F25/$D$34 -> -0.017100677
C26: Resultado primario (1- (2 - 2.1.4)) | D26: =(D14-(D19-D21)) -> 43681862823 | E26: =(E14-(E19-E21)) -> 2.6076639e+10 | F26: =((1000000*F14)-(F19-F21)) -> 4.8642558e+10 | G26: =IFERROR(F26/E26,"-") -> 1.8653692 | H26: =F26/$D$34 -> 0.0055761272
C27: Resultado financiero (1- 2) | D27: =D14-D19 -> -280575252741 | E27: =E14-E19 -> -2.8492678e+11 | F27: =1000000*F14-F19 -> -2.022977e+11 | G27: =IFERROR(F27/E27,"-") -> 0.70999889 | H27: =F27/$D$34 -> -0.023190345
C28: FINANCIAMIENTO NETO | D28: =D30-D32 -> 280575252741 | E28: =E30-E32 -> 2.854003e+11 | F28: =+F30-F32 -> 3.4211421e+11 | G28: =+F28/E28 -> 1.1987171 | H28: =F28/$D$34 -> 0.039218175
C30: 3.1 - Fuentes financieras | D30: 401767814730 | E30: 4.0659286e+11 | F30: =422436*1000000 -> 422436000000 | G30: =IFERROR(F30/E30,"-") -> 1.0389656 | H30: =F30/$D$34 -> 0.048425843
C32: 3.2 - Aplicaciones financieras | D32: 121192561989 | E32: =Económica!D29 -> 121192561989 | F32: =Económica!E29 -> 8.0321794e+10 | G32: =IFERROR(F32/E32,"-") -> 0.66276175 | H32: =F32/$D$34 -> 0.0092076684
C34: PIB Nominal (Millones RD$) | D34: 8.7233587e+12
C36: Notas:
C37: *Cifras preliminares
C38: 1. Se utilizó el PIB del Panorama Macroeconómico actualizado al 25 de agosto 2026, elaborado por el Ministerio de Hacienda y Economía
C39: 2. Fecha de imputación al 23 de octubre de 2026 y fecha de registro al 26 de octubre de 2026. La fecha de imputación representa los gastos o ingresos en el momento de su ejecución, mientras que la fecha de registro representa el momento de su registro en el sistema, en la medida que se van regularizando los pagos.
C40: 3. Ingresos y fuentes financieras: Dirección General de Política Tributaria, Ministerio de Hacienda y Economía
C41: 4. El presupuesto vigente incorpora apropiaciones financiadas con la fuente específica 5011, Fondo de Calamidades y Emergencias Públicas, conforme al artículo 43 de la Ley núm. 99-25 de Presupuesto General del Estado 2026, que autoriza su inclusión y la identificación de las fuentes financieras correspondientes.
C42: 5. El presupuesto vigente corresponde al presupuesto aprobado por el Congreso Nacional mediante la Ley núm. 99-25 de Presupuesto General del Estado para el ejercicio presupuestario del año 2026, modificada por la Ley núm. 43-26, más las modificaciones presupuestarias realizadas conforme a la Ley Orgánica de Presupuesto para el Sector Público, núm. 423-06.
C43: Fuente: Sistema de Información de la Gestión Financiera

Sheet Económica
A1: MINISTERIO DE HACIENDA Y ECONOMÍA
A2: DIRECCIÓN GENERAL DE PRESUPUESTO
A3: DIRECCIÓN DE ESTUDIOS ECONÓMICOS Y SEGUIMIENTO FINANCIERO
A5: Ejecución del Gasto del Gobierno Central
A6: Clasificación Económica
A7: Ejecución 1ero de enero - 23 de octubre de 2026*
A8: Ley núm. 99-25
A9: En Millones RD$
B12: Indicadores | C12: Pres. Inicial | D12: Pres. Vigente | E12: Devengado
C13: Ley núm. 99-25
B14: 2 - GASTOS | C14: =+C15+C22 -> 1622833406287 | D14: =+D15+D22 -> 1.6696285e+12 | E14: =+E15+E22 -> 1.2977057e+12
B15: 2.1 - Gastos corrientes | C15: =SUM(C16:C21) -> 1407548685832 | D15: =SUM(D16:D21) -> 1.4480145e+12 | E15: =SUM(E16:E21) -> 1.1479474e+12
B16: 2.1.2 - Gastos de consumo | C16: 542875526448 | D16: 5.6220157e+11 | E16: 4.1603764e+11
B17: 2.1.3 - Prestaciones de la seguridad social | C17: 101897864549 | D17: 8.8959784e+10 | E17: 7.3095927e+10
B18: 2.1.4 - Intereses de la deuda | C18: 324257115564 | D18: 311003416933 | E18: 2.5094025e+11
B19: 2.1.5 - Subvenciones otorgadas a empresas | C19: 13786016885 | D19: 4.3668252e+10 | E19: 4.0200061e+10
B20: 2.1.6 - Transferencias corrientes otorgadas | C20: 424672198458 | D20: 4.4202071e+11 | E20: 3.6751665e+11
B21: 2.1.9 - Otros gastos corrientes | C21: 59963928 | D21: 1.6073083e+08 | E21: 1.5681798e+08
B22: 2.2 - Gastos de capital | C22: =SUM(C23:C28) -> 215284720455 | D22: =SUM(D23:D28) -> 2.2161405e+11 | E22: =SUM(E23:E28) -> 1.4975834e+11
B23: 2.2.1 - Construcciones en proceso | C23: 65675086633 | D23: 7.272354e+10 | E23: 5.1248742e+10
B24: 2.2.2 - Activos fijos (formación bruta de capital fijo) | C24: 71387716208 | D24: 6.3894018e+10 | E24: 3.8824244e+10
B25: 2.2.4 - Objetos de valor | C25: 16448771 | D25: 38194137 | E25: 7366303.8
B26: 2.2.5 - Activos no producidos | C26: 2770222220 | D26: 5.1581058e+09 | E26: 4.0485395e+09
B27: 2.2.6 - Transferencias de capital otorgadas | C27: 72988962348 | D27: 7.9621759e+10 | E27: 5.5629452e+10
B28: 2.2.8 - Gastos de capital, reserva presupuestaria | C28: 2446284275 | D28: 178436291 | E28: 0
B29: 3 - FINANCIAMIENTO | C29: =C30 -> 121192561989 | D29: =D30 -> 121192561989 | E29: =E30 -> 8.0321794e+10
B30: 3.2-Aplicaciones financieras | C30: =SUM(C31:C33) -> 121192561989 | D30: =SUM(D31:D33) -> 121192561989 | E30: =SUM(E31:E33) -> 8.0321794e+10
B31: 3.2.1 - Incremento de activos financieros | C31: 5117721882 | D31: 5117721882 | E31: 3.7231034e+08
B32: 3.2.2 - Disminución de pasivos | C32: 116074840107 | D32: 116036840107 | E32: 7.9912075e+10
B33: 3.2.5-Importes a devengar por descuentos en colocaciones de títulos valores | C33: 0 | D33: 38000000 | E33: 37409287
B34: TOTAL GENERAL | C34: =C14+C29 -> 1744025968276 | D34: =D14+D29 -> 1.7908211e+12 | E34: =E14+E29 -> 1.3780275e+12
B35: Notas:
B36: *Cifras preliminares
B37: 1. Fecha de imputación al 23 de octubre de 2026 y fecha de registro al 26 de octubre de 2026. La fecha de imputación representa los gastos o ingresos en el momento de su ejecución, mientras que la fecha de registro representa el momento de su registro en el sistema, en la medida que se van regularizando los pagos.
B38: 2. El presupuesto vigente corresponde al presupuesto aprobado por el Congreso Nacional mediante la Ley núm. 99-25 de Presupuesto General del Estado para el ejercicio presupuestario del año 2026, modificada por la Ley núm. 43-26, más las modificaciones presupuestarias realizadas conforme a la Ley Orgánica de Presupuesto para el Sector Público, núm. 423-06.
B39: Fuente: Sistema de Información de la Gestión Financiera

Sheet Institucional
A1: MINISTERIO DE HACIENDA Y ECONOMÍA
A2: DIRECCIÓN GENERAL DE PRESUPUESTO
A3: DIRECCIÓN DE ESTUDIOS ECONÓMICOS Y SEGUIMIENTO FINANCIERO
A5: Ejecución del Gasto del Gobierno Central
A6: Clasificación Institucional
A7: Ejecución 1ero de enero - 23 de octubre de 2026*
A8: Ley núm. 99-25
A9: En Millones RD$
B12: Indicadores | C12: Pres. Inicial | D12: Pres. Vigente | E12: Devengado
C13: Ley núm. 99-25
B14: 2 - GASTOS | C14: =C15+C18+C44+C46+C48+C50+C52+C54+C56 -> 1622833406287 | D14: =D15+D18+D44+D46+D48+D50+D52+D54+D56 -> 1.6696285e+12 | E14: =E15+E18+E44+E46+E48+E50+E52+E54+E56 -> 1.2977057e+12
B15: 1 - Poder Legislativo | C15: =SUM(C16:C17) -> 8907795183 | D15: =SUM(D16:D17) -> 8907795183 | E15: =SUM(E16:E17) -> 7.4717936e+09
B16: 0101-SENADO DE LA REPÚBLICA | C16: 3010779124 | D16: 3010779124 | E16: 2557697336
B17: 0102-CÁMARA DE DIPUTADOS | C17: 5897016059 | D17: 5897016059 | E17: 4.9140963e+09
B18: 2 - Poder Ejecutivo | C18: =SUM(C19:C43) -> 1584338836059 | D18: =SUM(D19:D43) -> 1.6297654e+12 | E18: =SUM(E19:E43) -> 1.2645603e+12
B19: 0201-PRESIDENCIA DE LA REPÚBLICA | C19: 130289851958 | D19: 1.3218696e+11 | E19: 9.1240068e+10
B20: 0202-MINISTERIO DE INTERIOR Y POLICÍA | C20: 81924855519 | D20: 8.3993135e+10 | E20: 6.3524392e+10
B21: 0203-MINISTERIO DE DEFENSA | C21: 68686619634 | D21: 6.9484458e+10 | E21: 5.1769555e+10
B22: 0204-MINISTERIO DE RELACIONES EXTERIORES | C22: 15186213375 | D22: 1.5600085e+10 | E22: 1.0590017e+10
B23: 0205-MINISTERIO DE HACIENDA Y ECONOMIA | C23: 26273533371 | D23: 2.9771691e+10 | E23: 2.0555193e+10
B24: 0206-MINISTERIO DE EDUCACIÓN | C24: 332030596342 | D24: 3.300306e+11 | E24: 2.5792273e+11
B25: 0207-MINISTERIO DE SALUD PÚBLICA Y ASISTENCIA SOCIAL | C25: 180686724982 | D25: 1.8411796e+11 | E25: 1.3839582e+11
B26: 0208-MINISTERIO DE DEPORTES Y RECREACIÓN | C26: 8634933410 | D26: 8.6349334e+09 | E26: 6.3342617e+09
B27: 0209-MINISTERIO DE TRABAJO | C27: 2899510003 | D27: 2.9802293e+09 | E27: 1.9885226e+09
B28: 0210-MINISTERIO DE AGRICULTURA | C28: 18697509949 | D28: 2.3381904e+10 | E28: 1.5871121e+10
B29: 0211-MINISTERIO DE OBRAS PÚBLICAS Y COMUNICACIONES | C29: 73881683104 | D29: 8.5909113e+10 | E29: 6.5866263e+10
B30: 0212-MINISTERIO DE INDUSTRIA, COMERCIO Y MIPYMES (MICM) | C30: 21390709235 | D30: 23900418674 | E30: 1.9068381e+10
... B43: 0999-ADMINISTRACION DE OBLIGACIONES DEL TESORO NACIONAL | C43: 152072486478 | D43: 173647135584 | E43: 1.6559421e+11
B44: 3 - Poder Judicial | C44: =C45 -> 12921593863 | D44: =D45 -> 14121593863 | E44: =E45 -> 11665168306
B45: 0301 - PODER JUDICIAL | C45: 12921593863 | D45: 14121593863 | E45: 11665168306
B46: 4 - Junta Central Electoral | C46: =C47 -> 10870891737 | D46: =D47 -> 10870891737 | E46: =E47 -> 9259076365
B47: 0401 - JUNTA CENTRAL ELECTORAL | C47: 10870891737 | D47: 10870891737 | E47: 9259076365
B48: 5 - Cámara de Cuentas de la República Dominicana | C48: =C49 -> 1524248087 | D48: =D49 -> 1524248087 | E48: =E49 -> 1.2702066e+09
B49: 0402 - CÁMARA DE CUENTAS | C49: 1524248087 | D49: 1524248087 | E49: 1.2702066e+09
B50: 6 - Tribunal Constitucional | C50: =C51 -> 1975371875 | D50: =D51 -> 1975371875 | E50: =E51 -> 1645903133
B51: 0403 - TRIBUNAL CONSTITUCIONAL | C51: 1975371875 | D51: 1975371875 | E51: 1645903133
B52: 7 - Defensor del Pueblo | C52: =C53 -> 400000000 | D52: =D53 -> 4.6004107e+08 | E52: =E53 -> 3.315229e+08
B53: 0404 - DEFENSOR DEL PUEBLO | C53: 400000000 | D53: 4.6004107e+08 | E53: 3.315229e+08
B54: 8 - Tribunal Superior Electoral (TSE) | C54: =C55 -> 1008000000 | D54: =D55 -> 1008000000 | E54: =E55 -> 8.3999989e+08
B55: 0405 - TRIBUNAL SUPERIOR ELECTORAL (TSE) | C55: 1008000000 | D55: 1008000000 | E55: 8.3999989e+08
B56: 9 - Oficina Nacional de Defensa Pública | C56: =C57 -> 886669483 | D56: =D57 -> 995163846 | E56: =E57 -> 6.6171158e+08
B57: 0406 - OFICINA NACIONAL DE DEFENSA PÚBLICA | C57: 886669483 | D57: 995163846 | E57: 6.6171158e+08
B58: 3 - FINANCIAMIENTO | C58: =C59 -> 121192561989 | D58: =D59 -> 121192561989 | E58: =E59 -> 8.0321794e+10
B59: 2 - Poder Ejecutivo | C59: =SUM(C60:C62) -> 121192561989 | D59: =SUM(D60:D62) -> 121192561989 | E59: =SUM(E60:E62) -> 8.0321794e+10
B60: 0206-MINISTERIO DE EDUCACIÓN | C60: 0 | D60: 2000000000 | E60: 0
B61: 0998-ADMINISTRACION DE DEUDA PUBLICA Y ACTIVOS FINANCIEROS | C61: 101192561989 | D61: 98443555272 | E61: 72671512683
B62: 0999-ADMINISTRACION DE OBLIGACIONES DEL TESORO NACIONAL | C62: 20000000000 | D62: 20749006717 | E62: 7.6502816e+09
B63: TOTAL GENERAL | C63: =C14+C58 -> 1744025968276 | D63: =D14+D58 -> 1.7908211e+12 | E63: =E14+E58 -> 1.3780275e+12
B64: Notas:
B65: *Cifras preliminares
B66: 1. Fecha de imputación al 23 de octubre de 2026 y fecha de registro al 26 de octubre de 2026. La fecha de imputación representa los gastos o ingresos en el momento de su ejecución, mientras que la fecha de registro representa el momento de su registro en el sistema, en la medida que se van regularizando los pagos.
B67: 2. El presupuesto vigente corresponde al presupuesto aprobado por el Congreso Nacional mediante la Ley núm. 99-25 de Presupuesto General del Estado para el ejercicio presupuestario del año 2026, modificada por la Ley núm. 43-26, más las modificaciones presupuestarias realizadas conforme a la Ley Orgánica de Presupuesto para el Sector Público, núm. 423-06.
B68: Fuente: Sistema de Información de la Gestión Financiera

Sheet Funcional
A1: MINISTERIO DE HACIENDA Y ECONOMÍA
A2: DIRECCIÓN GENERAL DE PRESUPUESTO
A3: DIRECCIÓN DE ESTUDIOS ECONÓMICOS Y SEGUIMIENTO FINANCIERO
A5: Ejecución del Gasto del Gobierno Central
A6: Clasificación Funcional
A7: Ejecución 1ero de enero - 23 de octubre de 2026*
A8: Ley núm. 99-25
A9: En Millones RD$
B13: Indicadores | C13: Pres. Inicial | D13: Pres. Vigente | E13: Devengado
C14: Ley núm. 99-25
B15: 2-GASTOS | C15: =C16+C40+C75+C104+C149 -> 1622833406287 | D15: =D16+D40+D75+D104+D149 -> 1.6696285e+12 | E15: =E16+E40+E75+E104+E149 -> 1.2977057e+12
B16: 1-SERVICIOS GENERALES | C16: =C17+C23+C26+C32 -> 256969074361 | D16: =D17+D23+D26+D32 -> 2.7100512e+11 | E16: =E17+E23+E26+E32 -> 2.0410099e+11
B17: 1.1-Administración general | C17: =SUM(C18:C22) -> 102151484178 | D17: =SUM(D18:D22) -> 1.0736177e+11 | E17: =SUM(E18:E22) -> 8.0932051e+10
B18: 1.1.01-Órganos ejecutivos y legislativos | C18: 8027164129 | D18: 8164628513 | E18: 6.8854107e+09
B19: 1.1.02-Gestión administrativa, financiera, fiscal, económica y planificación | C19: 52957815438 | D19: 5.5372618e+10 | E19: 3.7515786e+10
B20: 1.1.03-Transferencias a instituciones públicas incluidos los gobiernos locales | C20: 29452658980 | D20: 3.2117174e+10 | E20: 2.6702283e+10
B21: 1.1.04-Órganos electorales y promoción de la participación ciudadana | C21: 10858756737 | D21: 10858756737 | E21: 9248963875
B22: 1.1.05-Gestión de la administración general para transversalizar el enfoque de género | C22: 855088894 | D22: 8.4859776e+08 | E22: 5.7960726e+08
B23: 1.2-Relaciones internacionales | C23: =SUM(C24:C25) -> 15009549215 | D23: =SUM(D24:D25) -> 1.540765e+10 | E23: =SUM(E24:E25) -> 1.0467086e+10
B24: 1.2.01-Relaciones internacionales desde oficinas en el país | C24: 5102968644 | D24: 5.0569913e+09 | E24: 2.7361823e+09
B25: 1.2.02-Relaciones internacionales desde oficinas en el exterior | C25: 9906580571 | D25: 1.0350659e+10 | E25: 7.7309036e+09
B26: 1.3-Defensa nacional | C26: =SUM(C27:C31) -> 55750231755 | D26: =SUM(D27:D31) -> 5.872723e+10 | E26: =SUM(E27:E31) -> 4.3896638e+10
B27: 1.3.01-Defensa militar | C27: 51534148443 | D27: 5.3871853e+10 | E27: 4.0057177e+10
B28: 1.3.03-Defensa civil | C28: 3838533234 | D28: 4433712798 | E28: 3.5413707e+09
B29: 1.3.06-Reducción del riesgo de desastres no climáticos | C29: 296441158 | D29: 312368527 | E29: 2.2563367e+08
B30: 1.3.07-Respuesta y recuperación de desastres no climáticos | C30: 0 | D30: 27386667 | E30: 9862000
B31: 1.3.98-Investigación y desarrollo para la defensa militar, civil y gestión de riesgos de desastres no climáticos | C31: 81108920 | D31: 81908789 | E31: 62594002
B32: 1.4-Justicia, orden público y seguridad | C32: =SUM(C33:C39) -> 84057809213 | D32: =SUM(D33:D39) -> 8.9508467e+10 | E32: =SUM(E33:E39) -> 6.8805212e+10
B33: 1.4.01-Servicios de seguridad interior | C33: 39543819862 | D33: 3.9606787e+10 | E33: 2.8914307e+10
B34: 1.4.02-Servicios de protección contra incendios | C34: 1394684725 | D34: 1.2254095e+09 | E34: 8.595481e+08
B35: 1.4.03-Administración y servicios de justicia | C35: 29123951403 | D35: 3.0176023e+10 | E35: 2.4746132e+10
B36: 1.4.04-Prisiones | C36: 3220295124 | D36: 7.1699153e+09 | E36: 5.8710052e+09
B37: 1.4.05-Servicios de migraciones | C37: 5672580954 | D37: 5.7430632e+09 | E37: 4.1852622e+09
B38: 1.4.06-Administración y servicios de justicia relacionados con la violencia de género | C38: 68949757 | D38: 68949757 | E38: 57458130
B39: 1.4.98-Investigación y desarrollo relacionados con la justicia, orden público y seguridad | C39: 5033527388 | D39: 5.5183196e+09 | E39: 4.1714996e+09
B40: 2-SERVICIOS ECONÓMICOS | C40: =C41+C45+C51+C53+C59+C62+C68+C70+C72 -> 249200443837 | D40: =D41+D45+D51+D53+D59+D62+D68+D70+D72 -> 3.0485702e+11 | E40: =E41+E45+E51+E53+E59+E62+E68+E70+E72 -> 2.5195182e+11
B41: 2.1-Asuntos económicos, comerciales y laborales | C41: =SUM(C42:C44) -> 22840302147 | D41: =SUM(D42:D44) -> 4.8740646e+10 | E41: =SUM(E42:E44) -> 4.3438953e+10
B42: 2.1.01-Asuntos económicos y regulación del comercio | C42: 20922831438 | D42: 4.6787358e+10 | E42: 4.21315e+10
B43: 2.1.02-Asuntos laborales generales | C43: 1670312352 | D43: 1.6754198e+09 | E43: 1.1328202e+09
B44: 2.1.03-Asuntos laborales para fortalecer la autonomía económica de las mujeres | C44: 247158357 | D44: 2.778684e+08 | E44: 1.7463263e+08
B45: 2.2-Agropecuaria, caza, pesca y silvicultura | C45: =SUM(C46:C50) -> 19229327493 | D45: =SUM(D46:D50) -> 2.4198066e+10 | E45: =SUM(E46:E50) -> 1.6359694e+10
B46: 2.2.01-Agropecuaria | C46: 10225165399 | D46: 1.2067997e+10 | E46: 8.3161201e+09
B47: 2.2.02-Caza y pesca | C47: 144925000 | D47: 199925000 | E47: 1.4475401e+08
B48: 2.2.04-Conservación, ampliación y explotación racionalizada de reservas forestales. | C48: 100000000 | D48: 94122138 | E48: 0
B49: 2.2.06-Gestión o apoyo de labores de reforestación | C49: 977523771 | D49: 1.0614849e+09 | E49: 5.7939427e+08
B50: 2.2.99-Planificación, gestión y supervisión agropecuaria, caza, pesca y silvicultura | C50: 7781713323 | D50: 10774537683 | E50: 7.3194261e+09
B51: 2.3-Riego | C51: =SUM(C52) -> 6975321990 | D51: =SUM(D52) -> 7396514560 | E51: =SUM(E52) -> 4.5080221e+09
B52: 2.3.01-Riego | C52: 6975321990 | D52: 7396514560 | E52: 4.5080221e+09
B53: 2.4-Energía y combustible | C53: =SUM(C54:C58) -> 95599385504 | D53: =SUM(D54:D58) -> 1.070919e+11 | E53: =SUM(E54:E58) -> 1.000127e+11
B54: 2.4.03-Combustible | C54: 581376265 | D54: 616289907 | E54: 4.1323338e+08
B55: 2.4.04-Energía eléctrica de fuentes termoeléctricas | C55: 92475769241 | D55: 1.0398442e+11 | E55: 9.8132761e+10
B56: 2.4.05-Energía eléctrica de fuentes hidroeléctricas | C56: 288905038 | D56: 288905038 | E56: 0
B57: 2.4.08-Energía eléctrica de fuentes nucleares | C57: 19334653 | D57: 45483553 | E57: 19837638
B58: 2.4.09-Conservación, aprovechamiento y explotación racionalizada de fuentes de electricidad | C58: 2234000307 | D58: 2.1567996e+09 | E58: 1.4468667e+09
B59: 2.5-Minería, manufactura y construcción | C59: =SUM(C60:C61) -> 984650259 | D59: =SUM(D60:D61) -> 991537509 | E59: =SUM(E60:E61) -> 7.6979341e+08
B60: 2.5.01-Extracción de recursos minerales | C60: 983650259 | D60: 990537509 | E60: 7.6979341e+08
B61: 2.5.02-Manufacturas | C61: 1000000 | D61: 1000000 | E61: 0
B62: 2.6-Transporte | C62: =SUM(C63:C67) -> 89860675127 | D62: =SUM(D63:D67) -> 1.0240379e+11 | E62: =SUM(E63:E67) -> 7.9818322e+10
B63: 2.6.01-Transporte por carretera | C63: 48883353511 | D63: 5.696105e+10 | E63: 4.5867571e+10
B64: 2.6.02-Transporte por agua | C64: 7846034 | D64: 2.3383796e+08 | E64: 2.3091463e+08
B65: 2.6.03-Transporte por ferrocarril | C65: 35043058783 | D65: 2.827534e+10 | E65: 1.9399283e+10
B66: 2.6.04-Transporte aéreo | C66: 1250000000 | D66: 6.8495997e+09 | E66: 5.6992166e+09
B67: 2.6.99-Planificación, gestión y supervisión del transporte | C67: 4676416799 | D67: 1.0083961e+10 | E67: 8.6213367e+09
B68: 2.7-Comunicaciones | C68: =C69 -> 4386380395 | D68: =D69 -> 5257399277 | E68: =E69 -> 2.2508469e+09
B69: 2.7.01-Comunicaciones | C69: 4386380395 | D69: 5257399277 | E69: 2.2508469e+09
B70: 2.8-Banca y seguros | C70: =C71 -> 149703020 | D70: =D71 -> 0 | E70: =E71 -> 0
B71: 2.8.02-Operación de la banca y del sector seguros | C71: 149703020 | D71: 0 | E71: 0
B72: 2.9-Otros servicios económicos | C72: =SUM(C73:C74) -> 9174697902 | D72: =SUM(D73:D74) -> 8.7771748e+09 | E72: =SUM(E73:E74) -> 4.7934863e+09
B73: 2.9.01-Comercio de distribución almacenamiento y depósito | C73: 28275430 | D73: 28275430 | E73: 27275092
B74: 2.9.03-Turismo | C74: 9146422472 | D74: 8.7488994e+09 | E74: 4.7662112e+09
B75: 3-PROTECCIÓN DEL MEDIO AMBIENTE | C75: =C76+C81+C95 -> 15653220062 | D75: =D76+D81+D95 -> 1.3132197e+10 | E75: =E76+E81+E95 -> 7.5241025e+09
B76: 3.1-Protección del aire, agua y suelo | C76: =SUM(C77:C80) -> 1159849100 | D76: =SUM(D77:D80) -> 1.1277275e+09 | E76: =SUM(E77:E80) -> 6.901137e+08
B77: 3.1.01-Reducción de la contaminación | C77: 228885000 | D77: 2.3579019e+08 | E77: 1.8433086e+08
B78: 3.1.02-Administración del agua | C78: 583707266 | D78: 551200896 | E78: 2.8301636e+08
B79: 3.1.03-Ordenación de aguas residuales, drenaje y alcantarillado | C79: 14083521 | D79: 14183521 | E79: 6660764.1
B80: 3.1.04-Protección del suelo contra la erosión y otras formas de degradación física | C80: 333173313 | D80: 326552913 | E80: 2.1610572e+08
B81: 3.2-Protección de la biodiversidad y ordenación de desechos | C81: =SUM(C82:C94) -> 8167588808 | D81: =SUM(D82:D94) -> 8.0698594e+09 | E81: =SUM(E82:E94) -> 4.405256e+09
B82: 3.2.02-Ordenación de desechos | C82: 1430788520 | D82: 1.3148594e+09 | E82: 1.0184016e+08
B83: 3.2.04-Conciencia y conocimiento de la biodiversidad | C83: 402894786 | D83: 422614786 | E83: 2.4376484e+08
B84: 3.2.05-Bioseguridad | C84: 10000000 | D84: 9123390 | E84: 7419561.4
B85: 3.2.06-Economía verde | C85: 5800000 | D85: 11726704 | E85: 7616856.4
B86: 3.2.07-Biodiversidad y planificación del desarrollo | C86: 166300000 | D86: 166300000 | E86: 1.3427833e+08
B87: 3.2.08-Gestión de la contaminación | C87: 99295178 | D87: 97934772 | E87: 68835606
B88: 3.2.09-Áreas protegidas y otras medidas de conservación | C88: 1341832252 | D88: 1.4177093e+09 | E88: 9.3012537e+08
B89: 3.2.10-Restauración | C89: 1205895920 | D89: 1.1963191e+09 | E89: 5.9477532e+08
B90: 3.2.11-Uso sostenible | C90: 96423204 | D90: 96423204 | E90: 62203909
B91: 3.2.12-Prevención de la producción de residuos por modificación de procesos | C91: 1300000 | D91: 1300000 | E91: 489400.78
B92: 3.2.14-Tratamiento y eliminación de residuos no peligrosos en vertederos | C92: 48847564 | D92: 78853414 | E92: 32995121
B93: 3.2.98-Investigación y desarrollo relacionado con la protección del medio ambiente | C93: 21670500 | D93: 16096980 | E93: 16044578
B94: 3.2.99-Planificación, gestión y supervisión de la protección del medio ambiente | C94: 3336540884 | D94: 3.2405983e+09 | E94: 2.2048669e+09
B95: 3.3-Cambio Climático | C95: =SUM(C96:C103) -> 6325782154 | D95: =SUM(D96:D103) -> 3.9346098e+09 | E95: =SUM(E96:E103) -> 2.4287329e+09
B96: 3.3.01-Mixtos | C96: 353570167 | D96: 409180115 | E96: 2.5979107e+08
B97: 3.3.02-Mitigación | C97: 5549769 | D97: 5549769 | E97: 3632479.4
B98: 3.3.03-Conocimiento del riesgo de desastres climáticos | C98: 147468421 | D98: 1.5695501e+08 | E98: 96189513
B99: 3.3.04-Gobernanza del riesgo de desastres climáticos | C99: 31680000 | D99: 31680000 | E99: 16750516
B100: 3.3.05-Reducción del riesgo de desastres climáticos | C100: 5262147142 | D100: 2.6062937e+09 | E100: 1.6812809e+09
B101: 3.3.06-Respuesta y recuperación de desastres climáticos | C101: 330078958 | D101: 444011939 | E101: 2.3471549e+08
B102: 3.3.07-Otras medidas de adaptación | C102: 4539681 | D102: 4954725 | E102: 3309506
B103: 3.3.99-Planificación, gestión y supervisión de cambio climático | C103: 190748016 | D103: 2.7598448e+08 | E103: 1.3306341e+08
B104: 4-SERVICIOS SOCIALES | C104: =C105+C109+C116+C123+C135+C144 -> 738460649593 | D104: =D105+D109+D116+D123+D135+D144 -> 7.3068416e+11 | E104: =E105+E109+E116+E123+E135+E144 -> 5.5118854e+11
...

Sheet Objetal
A1: MINISTERIO DE HACIENDA Y ECONOMÍA
A2: DIRECCIÓN GENERAL DE PRESUPUESTO
A3: DIRECCIÓN DE ESTUDIOS ECONÓMICOS Y SEGUIMIENTO FINANCIERO
A5: Ejecución del Gasto del Gobierno Central
A6: Clasificación Objetal
A7: Ejecución 1ero de enero - 23 de octubre de 2026*
A8: Ley núm. 99-25
A9: En Millones RD$
C11: Indicadores | D11: Pres. Inicial | E11: Pres. Vigente | F11: Devengado
D12: Ley núm. 99-25
C13: 2-GASTOS | D13: =SUM(D14,D20,D30,D40,D49,D56,D66,D71) -> 1622833406287 | E13: =SUM(E14,E20,E30,E40,E49,E56,E66,E71) -> 1.6696285e+12 | F13: =SUM(F14,F20,F30,F40,F49,F56,F66,F71) -> 1.2977057e+12
C14: 2.1-REMUNERACIONES Y CONTRIBUCIONES | D14: =SUM(D15:D19) -> 377772703498 | E14: =SUM(E15:E19) -> 3.9263478e+11 | F14: =SUM(F15:F19) -> 3.014681e+11
C15: 2.1.1-REMUNERACIONES | D15: 309943604911 | E15: 3.0969239e+11 | F15: 2.3672765e+11
C16: 2.1.2-SOBRESUELDOS | D16: 26271320885 | E16: 3.9267304e+10 | F16: 2.9818325e+10
C17: 2.1.3-DIETAS Y GASTOS DE REPRESENTACIÓN | D17: 668027539 | E17: 6.7530918e+08 | F17: 5.3787102e+08
C18: 2.1.4-GRATIFICACIONES Y BONIFICACIONES | D18: 2706133367 | E18: 2.6289799e+09 | F18: 1.6585427e+09
C19: 2.1.5-CONTRIBUCIONES A LA SEGURIDAD SOCIAL | D19: 38183616796 | E19: 4.0370794e+10 | F19: 3.2725713e+10
C20: 2.2-CONTRATACIÓN DE SERVICIOS | D20: =SUM(D21:D29) -> 110169756792 | E20: =SUM(E21:E29) -> 1.1835338e+11 | F20: =SUM(F21:F29) -> 8.1705957e+10
C21: 2.2.1-SERVICIOS BÁSICOS | D21: 11443137328 | E21: 1.2943008e+10 | F21: 1.1329567e+10
C22: 2.2.2-PUBLICIDAD, IMPRESIÓN Y ENCUADERNACIÓN | D22: 11025261284 | E22: 1.2085879e+10 | F22: 6.8313629e+09
C23: 2.2.3-VIÁTICOS | D23: 5430213176 | E23: 4.4825402e+09 | F23: 3.3277321e+09
C24: 2.2.4-TRANSPORTE Y ALMACENAJE | D24: 3335613293 | E24: 3.5558915e+09 | F24: 1.8404494e+09
C25: 2.2.5-ALQUILERES Y RENTAS | D25: 10669404203 | E25: 1.5398941e+10 | F25: 1.0193946e+10
C26: 2.2.6-SEGUROS | D26: 9660946458 | E26: 1.0475085e+10 | F26: 8.5005739e+09
C27: 2.2.7-SERVICIOS DE CONSERVACIÓN, REPARACIONES MENORES E INSTALACIONES TEMPORALES | D27: 6526168737 | E27: 7.8687673e+09 | F27: 3.7450061e+09
C28: 2.2.8-OTROS SERVICIOS NO INCLUIDOS EN CONCEPTOS ANTERIORES | D28: 22811971167 | E28: 2.0039434e+10 | F28: 1.0691031e+10
C29: 2.2.9-OTRAS CONTRATACIONES DE SERVICIOS | D29: 29267041146 | E29: 3.150383e+10 | F29: 2.5246289e+10
C30: 2.3-MATERIALES Y SUMINISTROS | D30: =SUM(D31:D39) -> 65411381413 | E30: =SUM(E31:E39) -> 6.2354748e+10 | F30: =SUM(F31:F39) -> 3.8308391e+10
C31: 2.3.1-ALIMENTOS Y PRODUCTOS AGROFORESTALES | D31: 11702447899 | E31: 1.2925057e+10 | F31: 6.7269207e+09
C32: 2.3.2-TEXTILES Y VESTUARIOS | D32: 5611935809 | E32: 5.5627199e+09 | F32: 3.4397689e+09
C33: 2.3.3-PAPEL, CARTÓN E IMPRESOS | D33: 4059350557 | E33: 2.435083e+09 | F33: 1.6229737e+09
C34: 2.3.4-PRODUCTOS FARMACÉUTICOS | D34: 15158879690 | E34: 1.5292021e+10 | F34: 1.0364144e+10
C35: 2.3.5-CUERO, CAUCHO Y PLÁSTICO | D35: 591440202 | E35: 5.4166624e+08 | F35: 3.1175805e+08
C36: 2.3.6-PRODUCTOS DE MINERALES, METÁLICOS Y NO METÁLICOS | D36: 3092772923 | E36: 3.7480473e+09 | F36: 2.6230216e+09
C37: 2.3.7-COMBUSTIBLES, LUBRICANTES, PRODUCTOS QUÍMICOS Y CONEXOS | D37: 10275200554 | E37: 9.8880329e+09 | F37: 6.5063959e+09
C38: 2.3.8-GASTOS QUE SE ASIGNARÁN DURANTE EL EJERCICIO (ART. 32 Y 33 LEY 423-06) | D38: 3801497018 | E38: 256783081 | F38: 0
C39: 2.3.9-PRODUCTOS Y ÚTILES VARIOS | D39: 11117856761 | E39: 1.1705338e+10 | F39: 6.7134085e+09
C40: 2.4-TRANSFERENCIAS CORRIENTES | D40: =SUM(D41:D48) -> 540356079892 | E40: =SUM(E41:E48) -> 5.7464875e+11 | F40: =SUM(F41:F48) -> 4.8081264e+11
C41: 2.4.1-TRANSFERENCIAS CORRIENTES AL SECTOR PRIVADO | D41: 167780996005 | E41: 1.5521807e+11 | F41: 1.2232545e+11
C42: 2.4.2-TRANSFERENCIAS CORRIENTES AL GOBIERNO GENERAL NACIONAL | D42: 181942892117 | E42: 1.8798361e+11 | F42: 1.4769143e+11
C43: 2.4.3-TRANSFERENCIAS CORRIENTES A GOBIERNOS GENERALES LOCALES | D43: 19945483206 | E43: 2.1053601e+10 | F43: 1.6790756e+10
C44: 2.4.4-TRANSFERENCIAS CORRIENTES A EMPRESAS PÚBLICAS NO FINANCIERAS | D44: 101150073871 | E44: 1.1395117e+11 | F44: 1.1008834e+11
C45: 2.4.5-TRANSFERENCIAS CORRIENTES A INSTITUCIONES PÚBLICAS FINANCIERAS | D45: 39130651083 | E45: 40298856133 | F45: 3.3054747e+10
C46: 2.4.6-SUBVENCIONES | D46: 13786016885 | E46: 4.3668252e+10 | F46: 4.0200061e+10
C47: 2.4.7-TRANSFERENCIAS CORRIENTES AL SECTOR EXTERNO | D47: 955120864 | E47: 1.8176062e+09 | F47: 1.2617336e+09
C48: 2.4.9-TRANSFERENCIAS CORRIENTES A OTRAS INSTITUCIONES PÚBLICAS | D48: 15664845861 | E48: 1.0657574e+10 | F48: 9.4001255e+09
C49: 2.5-TRANSFERENCIAS DE CAPITAL | D49: =SUM(D50:D55) -> 72988962348 | E49: =SUM(E50:E55) -> 7.9621759e+10 | F49: =SUM(F50:F55) -> 5.5629452e+10
C50: 2.5.1-TRANSFERENCIAS DE CAPITAL AL SECTOR PRIVADO | D50: 174800000 | E50: 1.6316972e+09 | F50: 1.4655559e+09
C51: 2.5.2-TRANSFERENCIAS DE CAPITAL AL GOBIERNO GENERAL NACIONAL | D51: 9545030188 | E51: 1.141032e+10 | F51: 6.8191406e+09
C52: 2.5.3-TRANSFERENCIAS DE CAPITAL A GOBIERNOS GENERALES LOCALES | D52: 8923828232 | E52: 1.047842e+10 | F52: 9.4235151e+09
C53: 2.5.4-TRANSFERENCIAS DE CAPITAL A EMPRESAS PÚBLICAS NO FINANCIERAS | D53: 49901315868 | E53: 5.2758618e+10 | F53: 3.5561462e+10
C54: 2.5.5-TRANSFERENCIAS DE CAPITAL A INSTITUCIONES PÚBLICAS FINANCIERAS | D54: 4443988060 | E54: 3341734216 | F54: 2.3588088e+09
C55: 2.5.9-TRANSFERENCIAS DE CAPITAL A OTRAS INSTITUCIONES PÚBLICAS | D55: 0 | E55: 969134.67 | F55: 969134.67
C56: 2.6-BIENES MUEBLES, INMUEBLES E INTANGIBLES | D56: =SUM(D57:D65) -> 33654087324 | E56: =SUM(E57:E65) -> 3.1131833e+10 | F56: =SUM(F57:F65) -> 1.8794386e+10
C57: 2.6.1-MOBILIARIO Y EQUIPO | D57: 6643236801 | E57: 9.1038709e+09 | F57: 5.1443583e+09
C58: 2.6.2-MOBILIARIO Y EQUIPO DE AUDIO, AUDIOVISUAL, RECREATIVO Y EDUCACIONAL | D58: 1353386376 | E58: 1.7227676e+09 | F58: 1.0967098e+09
C59: 2.6.3-EQUIPO E INSTRUMENTAL, CIENTÍFICO Y LABORATORIO | D59: 3447411652 | E59: 1.8009794e+09 | F59: 4.273642e+08
C60: 2.6.4-VEHÍCULOS Y EQUIPO DE TRANSPORTE, TRACCIÓN Y ELEVACIÓN | D60: 3370833704 | E60: 6.1635015e+09 | F60: 4.2072324e+09
C61: 2.6.5-MAQUINARIA, OTROS EQUIPOS Y HERRAMIENTAS | D61: 11238571175 | E61: 3.2925596e+09 | F61: 1.7182213e+09
C62: 2.6.6-EQUIPOS DE DEFENSA Y SEGURIDAD | D62: 2479828116 | E62: 2.4394336e+09 | F62: 1.6519044e+09
C63: 2.6.7-ACTIVOS BIOLÓGICOS | D63: 696384278 | E63: 6.4051345e+08 | F63: 2.2743244e+08
C64: 2.6.8-BIENES INTANGIBLES | D64: 1450384039 | E64: 5.9828925e+08 | F64: 1.9293383e+08
C65: 2.6.9-EDIFICIOS, ESTRUCTURAS, TIERRAS, TERRENOS Y OBJETOS DE VALOR | D65: 2974051183 | E65: 5.369918e+09 | F65: 4.1282288e+09
C66: 2.7-OBRAS | D66: =SUM(D67:D70) -> 98223319456 | E66: =SUM(E67:E70) -> 9.987691e+10 | F66: =SUM(F67:F70) -> 7.0043941e+10
C67: 2.7.1-OBRAS EN EDIFICACIONES | D67: 40520299875 | E67: 3.7958485e+10 | F67: 2.4085765e+10
C68: 2.7.2-INFRAESTRUCTURA | D68: 55104645921 | E68: 6.1618877e+10 | F68: 4.5958176e+10
C69: 2.7.3-CONSTRUCCIONES EN BIENES CONCESIONADOS | D69: 152089385 | E69: 121111814 | F69: 0
C70: 2.7.4-GASTOS QUE SE ASIGNARÁN DURANTE EL EJERCICIO PARA INVERSIÓN (ART. 32 Y 33 LEY 423-06) | D70: 2446284275 | E70: 178436291 | F70: 0
C71: 2.9-GASTOS FINANCIEROS | D71: =SUM(D72:D75) -> 324257115564 | E71: =SUM(E72:E75) -> 3.1100637e+11 | F71: =SUM(F72:F75) -> 2.5094283e+11
C72: 2.9.1-INTERESES DE LA DEUDA PÚBLICA INTERNA | D72: 115480602004 | E72: 109262380721 | F72: 8.6997509e+10
C73: 2.9.2-INTERESES DE LA DEUDA PUBLICA EXTERNA | D73: 207303121140 | E73: 199999065897 | F73: 1.6248887e+11
C74: 2.9.4-COMISIONES Y OTROS GASTOS BANCARIOS DE LA DEUDA PÚBLICA | D74: 1473392420 | E74: 1741970315 | F74: 1.453873e+09
C75: 2.9.5-GASTOS DE INTERESES, RECARGOS MULTAS Y SANCIONES DE IMPUESTOS Y CONTRIBUCIONES SOCIALES | D75: 0 | E75: 2953239.9 | F75: 2581379.1
C76: 3-FINANCIAMIENTO | D76: =D77+D79+D81 -> 121192561989 | E76: =E77+E79+E81 -> 121192561989 | F76: =F77+F79+F81 -> 8.0321794e+10
C77: 4.1-Incremento de activos financieros | D77: =D78 -> 5117721882 | E77: =E78 -> 5117721882 | F77: =F78 -> 3.7231034e+08
C78: 4.1.2-Incremento de activos financieros no corrientes | D78: 5117721882 | E78: 5117721882 | F78: 3.7231034e+08
C79: 4.2-Disminución de pasivos | D79: =D80 -> 116074840107 | E79: =E80 -> 116036840107 | F79: =F80 -> 7.9912075e+10
C80: 4.2.1-Disminución de pasivos corrientes | D80: 116074840107 | E80: 116036840107 | F80: 7.9912075e+10
C81: 4.5-Importes a devengar por descuentos en colocaciones de títulos valores | D81: =D82 -> 0 | E81: =E82 -> 38000000 | F81: =F82 -> 37409287
C82: 4.5.2-Descuentos por colocación de títulos valores internos y externo de largo plazo | D82: 0 | E82: 38000000 | F82: 37409287
C83: Total general | D83: =D76+D13 -> 1744025968276 | E83: =E76+E13 -> 1.7908211e+12 | F83: =F76+F13 -> 1.3780275e+12
C84: Notas:
C85: *Cifras preliminares
C86: 1. Fecha de imputación al 23 de octubre de 2026 y fecha de registro al 26 de octubre de 2026. La fecha de imputación representa los gastos o ingresos en el momento de su ejecución, mientras que la fecha de registro representa el momento de su registro en el sistema, en la medida que se van regularizando los pagos.
C87: 2. El presupuesto vigente corresponde al presupuesto aprobado por el Congreso Nacional mediante la Ley núm. 99-25 de Presupuesto General del Estado para el ejercicio presupuestario del año 2026, modificada por la Ley núm. 43-26, más las modificaciones presupuestarias realizadas conforme a la Ley Orgánica de Presupuesto para el Sector Público, núm. 423-06.
C88: Fuente: Sistema de Información de la Gestión Financiera

Sheet Proyectos de Inversión
A1: MINISTERIO DE HACIENDA Y ECONOMÍA
A2: DIRECCIÓN GENERAL DE PRESUPUESTO
A3: DIRECCIÓN DE ESTUDIOS ECONÓMICOS Y SEGUIMIENTO FINANCIERO
A5: Ejecución del Gasto del Gobierno Central
A6: Proyectos de inversión
A7: Ejecución 1ero de enero - 23 de octubre de 2026*
A8: Ley núm. 99-25
A9: En Millones RD$
C12: Indicadores | D12: Pres. Inicial | E12: Pres. Vigente | F12: Devengado
C13: 2-GASTOS | D13: 96543478243 | E13: 1.0688177e+11 | F13: 7.2851442e+10
C14: 01-DISTRITO NACIONAL | D14: 11233558074 | E14: 1.4895786e+10 | F14: 1.083401e+10
C15: 10-FONDO GENERAL | D15: 7222922235 | E15: 1.0063265e+10 | F15: 7.594431e+09
C16: 01-REMODELACIÓN CLUB DEPORTIVO, SOCIAL Y CULTURAL VILLA FRANCISCA, SECTOR VILLA FRANCISCA, DISTRITO NACIONAL. | D16: 40000000 | E16: 68420155 | F16: 48739108
C17: 02-REMODELACIÓN DE LA OFICINA DEL COLEGIO DOMINICANO DE PERIODISTAS, DISTRITO NACIONAL | D17: 0 | E17: 10650060 | F17: 0
C18: 04-CONSTRUCCIÓN DE 14 ESTANCIAS INFANTILES DE LA PROVINCIA DISTRITO NACIONAL | D18: 11961356 | E18: 44414977 | F18: 44241921
C19: 04-RECUPERACION DEL MARGEN OCCIDENTAL DEL RÍO OZAMA EN EL BARRIO DE GUALEY, DISTRITO NACIONAL | D19: 404611876 | E19: 404611876 | F19: 3.0865805e+08
C20: 05-AMPLIACIÓN DE LA CAPACIDAD DE TRANSPORTE DE LA LÍNEA 2 DEL METRO DE SANTO DOMINGO | D20: 250000000 | E20: 238000000 | F20: 93742590
C21: 05-CONSTRUCCIÓN DE PLANTELES EDUCATIVOS EN LA PROVINCIA DISTRITO NACIONAL (FASE 3) | D21: 74617343 | E21: 61222708 | F21: 61222062
C22: 05-CONSTRUCCIÓN EDIFICIO NUEVA SEDE CENTRAL DE LA POLICÍA NACIONAL EN EL DISTRITO NACIONAL | D22: 20321906 | E22: 24734851 | F22: 6623116.8
C23: 05-CONSTRUCCIÓN VÍA MARGINAL PASEO DEL RÍO EN LOS SECTORES LA CIÉNAGA Y LOS GUANDULES, DISTRITO NACIONAL | D23: 50000000 | E23: 50000000 | F23: 49938937
C24: 05-RECONSTRUCCIÓN DE CALLES EN LA URBANIZACION ALTOS ARROYO HONDO III, AFECTADAS POR EL DISTURBIO TROPICAL NO. 22, DISTRITO NACIONAL | D24: 30904487 | E24: 6609263 | F24: 0
... C2235: Total general | D2235: 96543478243 | E2235: 1.0688177e+11 | F2235: 7.2851442e+10
C2237: Notas:
C2238: *Cifras preliminares
C2239: 1. Fecha de imputación al 23 de octubre de 2026 y fecha de registro al 26 de octubre de 2026. La fecha de imputación representa los gastos o ingresos en el momento de su ejecución, mientras que la fecha de registro representa el momento de su registro en el sistema, en la medida que se van regularizando los pagos.
C2240: 2. El presupuesto vigente corresponde al presupuesto aprobado por el Congreso Nacional mediante la Ley núm. 99-25 de Presupuesto General del Estado para el ejercicio presupuestario del año 2026, modificada por la Ley núm. 43-26, más las modificaciones presupuestarias realizadas conforme a la Ley Orgánica de Presupuesto para el Sector Público, núm. 423-06.
C2241: Fuente: Sistema de Información de la Gestión Financiera

Sheet Género
B1: MINISTERIO DE HACIENDA Y ECONOMÍA
B2: DIRECCIÓN GENERAL DE PRESUPUESTO
B3: DIRECCIÓN DE ESTUDIOS ECONÓMICOS Y SEGUIMIENTO FINANCIERO
B5: Ejecución del Gasto del Gobierno Central
B6: Gastos para reducir la brecha de género según clasificador funcional
B7: Ejecución 1ero de enero - 23 de octubre de 2026*
B8: Ley núm. 99-25
B9: En Millones RD$
B12: Indicadores | C12: Pres. Inicial | D12: Pres. Vigente | E12: Devengado
C14: Ley núm. 99-25
B15: 1-SERVICIOS GENERALES | C15: =C16+C18 -> 924038651 | D15: =D16+D18 -> 9.1754752e+08 | E15: =E16+E18 -> 6.3706539e+08
B16: 1.1-Administración general | C16: =C17 -> 855088894 | D16: =D17 -> 8.4859776e+08 | E16: =E17 -> 5.7960726e+08
B17: 1.1.05-Gestión de la administración general para transversalizar el enfoque de género | C17: 855088894 | D17: 8.4859776e+08 | E17: 5.7960726e+08
B18: 1.4-Justicia, orden público y seguridad | C18: =C19 -> 68949757 | D18: =D19 -> 68949757 | E18: =E19 -> 57458130
B19: 1.4.06-Administración y servicios de justicia relacionados con la violencia de género | C19: 68949757 | D19: 68949757 | E19: 57458130
B20: 2-SERVICIOS ECONÓMICOS | C20: =C21 -> 247158357 | D20: =D21 -> 2.778684e+08 | E20: =E21 -> 1.7463263e+08
B21: 2.1-Asuntos económicos, comerciales y laborales | C21: =C22 -> 247158357 | D21: =D22 -> 2.778684e+08 | E21: =E22 -> 1.7463263e+08
B22: 2.1.03-Asuntos laborales para fortalecer la autonomía económica de las mujeres | C22: 247158357 | D22: 2.778684e+08 | E22: 1.7463263e+08
B23: 4-SERVICIOS SOCIALES | C23: =C24+C26+C28 -> 1284834128 | D23: =D24+D26+D28 -> 1.3294194e+09 | E23: =E24+E26+E28 -> 7.6666019e+08
B24: 4.2-Salud | C24: =C25 -> 26513048 | D24: =D25 -> 27211488 | E24: =E25 -> 6011793.1
B25: 4.2.04-Servicios médicos en salud sexual/reproductiva y de centros de salud materno infantil | C25: 26513048 | D25: 27211488 | E25: 6011793.1
B26: 4.5-Protección social | C26: =C27 -> 6033490 | D26: =D27 -> 6033490 | E26: =E27 -> 0
B27: 4.5.05-Familia e hijos | C27: 6033490 | D27: 6033490 | E27: 0
B28: 4.6-Equidad de género | C28: =C29+C31+C32+C30 -> 1252287590 | D28: =D29+D31+D32+D30 -> 1.2961744e+09 | E28: =E29+E31+E32+E30 -> 7.606484e+08
B29: 4.6.01-Acciones focalizada en mujeres | C29: 298552955 | D29: 284252955 | E29: 1.6821943e+08
B30: 4.6.02-Corresponsabilidad social y pública en el cuidado de la familia y la reproducción de la fuerza de trabajo | C30: 112471764 | D30: 1.0605258e+08 | E30: 18461959
B31: 4.6.03-Acciones para una cultura de igualdad de género. | C31: 314754182 | D31: 3.3642429e+08 | E31: 1.3578916e+08
B32: 4.6.04-Acciones de prevención, atención y protección de violencia de género | C32: 526508689 | D32: 569444584 | E32: 4.3817785e+08
B33: TOTAL | C33: =C15+C20+C23 -> 2456031136 | D33: =D15+D20+D23 -> 2.5248353e+09 | E33: =E15+E20+E23 -> 1.5783582e+09
B34: Notas:
B35: *Cifras preliminares
B36: 1. Fecha de imputación al 23 de octubre de 2026 y fecha de registro al 26 de octubre de 2026. La fecha de imputación representa los gastos o ingresos en el momento de su ejecución, mientras que la fecha de registro representa el momento de su registro en el sistema, en la medida que se van regularizando los pagos.
B37: 2. El presupuesto vigente corresponde al presupuesto aprobado por el Congreso Nacional mediante la Ley núm. 99-25 de Presupuesto General del Estado para el ejercicio presupuestario del año 2026, modificada por la Ley núm. 43-26, más las modificaciones presupuestarias realizadas conforme a la Ley Orgánica de Presupuesto para el Sector Público, núm. 423-06.
B38: Fuente: Sistema de Información de la Gestión Financiera

Sheet Cambio climático 
B1: MINISTERIO DE HACIENDA Y ECONOMÍA
B2: DIRECCIÓN GENERAL DE PRESUPUESTO | L2: PIB Nominal (Millones RD$) | M2: 8.7233587e+12
B3: DIRECCIÓN DE ESTUDIOS ECONÓMICOS Y SEGUIMIENTO FINANCIERO
B5: Ejecución del Gasto del Gobierno Central
B6: Incidencia del gasto del Gobierno Central en el cambio climático
B7: Ejecución 1ero de enero - 23 de octubre de 2026*
B8: Ley núm. 99-25
B9: En Millones RD$
B11: Indicadores | C11: Pres. Inicial | D11: Pres. Vigente | E11: Devengado | F11: Incidencia positiva | G11: Incidencia negativa | H11: % PIB
C14: Ley núm. 99-25
C15: 1 | D15: 2 | E15: 3 | F15: 4 | G15: 5 | H15: 6= (3/PIB)
B16: 1-SERVICIOS GENERALES | C16: =C17 -> 1394684725 | D16: =D17 -> 1.2254095e+09 | E16: =E17 -> 8.595481e+08 | F16: =F17 -> 8.595481e+08 | G16: =G17 -> 0 | H16: =E16/$M$2 -> 9.8534077e-05
B17: 1.4-Justicia, orden público y seguridad | C17: =C18 -> 1394684725 | D17: =D18 -> 1.2254095e+09 | E17: =E18 -> 8.595481e+08 | F17: =F18 -> 8.595481e+08 | G17: 0 | H17: =E17/$M$2 -> 9.8534077e-05
B18: 1.4.02-Servicios de protección contra incendios | C18: 1394684725 | D18: 1.2254095e+09 | E18: 8.595481e+08 | F18: =E18 -> 8.595481e+08 | G18: 0 | H18: =E18/$M$2 -> 9.8534077e-05
B19: 2-SERVICIOS ECONÓMICOS | C19: =C20+C23+C29+C31 -> 132703618317 | D19: =D20+D23+D29+D31 -> 1.3751338e+11 | E19: =E20+E23+E29+E31 -> 1.2076117e+11 | F19: =F20+F23+F29+F31 -> 2.1445382e+10 | G19: =G20+G23+G29+G31 -> 9.9315788e+10 | H19: =E19/$M$2 -> 0.013843426
B20: 2.2-Agropecuaria, caza, pesca y silvicultura | C20: =C22+C21 -> 1077523771 | D20: =D22+D21 -> 1.155607e+09 | E20: =E22+E21 -> 5.7939427e+08 | F20: =F22+F21 -> 5.7939427e+08 | G20: =G22+G21 -> 0 | H20: =E20/$M$2 -> 6.6418714e-05
B21: 2.2.04-Conservación, ampliación y explotación racionalizada de reservas forestales | C21: 100000000 | D21: 94122138 | E21: 0 | F21: =E21 -> 0 | G21: 0 | H21: =E21/$M$2 -> 0
B22: 2.2.06-Gestión o apoyo de labores de reforestación | C22: 977523771 | D22: 1.0614849e+09 | E22: 5.7939427e+08 | F22: =E22 -> 5.7939427e+08 | G22: 0 | H22: =E22/$M$2 -> 6.6418714e-05
B23: 2.4-Energía y combustible | C23: =SUM(C24:C28) -> 95599385504 | D23: =SUM(D24:D28) -> 1.070919e+11 | E23: =SUM(E24:E28) -> 1.000127e+11 | F23: =SUM(F24:F28) -> 1.4667044e+09 | G23: =SUM(G24:G28) -> 9.8545995e+10 | H23: =E23/$M$2 -> 0.01146493
B24: 2.4.03-Combustible | C24: 581376265 | D24: 616289907 | E24: 4.1323338e+08 | F24: 0 | G24: =E24 -> 4.1323338e+08 | H24: =E24/$M$2 -> 4.7370903e-05
B25: 2.4.04-Energía eléctrica de fuentes termoeléctricas | C25: 92475769241 | D25: 1.0398442e+11 | E25: 9.8132761e+10 | F25: 0 | G25: =E25 -> 9.8132761e+10 | H25: =E25/$M$2 -> 0.011249424
B26: 2.4.05-Energía eléctrica de fuentes hidroeléctricas | C26: 288905038 | D26: 288905038 | E26: 0 | F26: =E26 -> 0 | G26: 0 | H26: =E26/$M$2 -> 0
B27: 2.4.08-Energía eléctrica de fuentes nucleares | C27: 19334653 | D27: 45483553 | E27: 19837638 | F27: =E27 -> 19837638 | G27: 0 | H27: =E27/$M$2 -> 2.2740826e-06
B28: 2.4.09-Conservación, aprovechamiento y explotación racionalizada de fuentes de electricidad | C28: 2234000307 | D28: 2156799583 | E28: 1.4468667e+09 | F28: =E28 -> 1.4468667e+09 | G28: 0 | H28: =E28/$M$2 -> 0.0001658612
B29: 2.5-Minería, manufactura y construcción | C29: =C30 -> 983650259 | D29: =D30 -> 990537509 | E29: =E30 -> 7.6979341e+08 | F29: 0 | G29: =G30 -> 7.6979341e+08 | H29: =E29/$M$2 -> 8.8245071e-05
B30: 2.5.01-Extracción de recursos minerales | C30: 983650259 | D30: 990537509 | E30: 7.6979341e+08 | F30: 0 | G30: =E30 -> 7.6979341e+08 | H30: =E30/$M$2 -> 8.8245071e-05
B31: 2.6-Transporte | C31: =C32 -> 35043058783 | D31: =D32 -> 2.827534e+10 | E31: =E32 -> 1.9399283e+10 | F31: =F32 -> 1.9399283e+10 | G31: =G32 -> 0 | H31: =E31/$M$2 -> 0.0022238319
B32: 2.6.03-Transporte por ferrocarril | C32: 35043058783 | D32: 2.827534e+10 | E32: 1.9399283e+10 | F32: =E32 -> 1.9399283e+10 | H32: =E32/$M$2 -> 0.0022238319
B33: 3-PROTECCIÓN DEL MEDIO AMBIENTE | C33: =C34+C37+C48 -> 14779834097 | D33: =D34+D37+D48 -> 1.2293454e+10 | E33: =E34+E37+E48 -> 7.0238919e+09 | F33: =F34+F37+F48 -> 6.9908968e+09 | G33: =G34+G37+G48 -> 32995121 | H33: =E33/$M$2 -> 0.00080518205
B34: 3.1-Protección del aire, agua y suelo | C34: =C35+C36 -> 562058313 | D34: =D35+D36 -> 5.6234311e+08 | E34: =E35+E36 -> 4.0043658e+08 | F34: =F35+F36 -> 4.0043658e+08 | G34: =G35+G36 -> 0 | H34: =E34/$M$2 -> 4.5903945e-05
B35: 3.1.01-Reducción de la contaminación | C35: 228885000 | D35: 2.3579019e+08 | E35: 1.8433086e+08 | F35: =E35 -> 1.8433086e+08 | G35: 0 | H35: =E35/$M$2 -> 2.1130721e-05
B36: 3.1.04-Protección del suelo contra la erosión y otras formas de degradación física | C36: 333173313 | D36: 326552913 | E36: 2.1610572e+08 | F36: =E36 -> 2.1610572e+08 | G36: 0 | H36: =E36/$M$2 -> 2.4773224e-05
B37: 3.2-Protección de la biodiversidad y ordenación de desechos | C37: =SUM(C38:C47) -> 7891993630 | D37: =SUM(D38:D47) -> 7.7965012e+09 | E37: =SUM(E38:E47) -> 4.1947225e+09 | F37: =SUM(F38:F47) -> 4.1617273e+09 | G37: =SUM(G38:G47) -> 32995121 | H37: =E37/$M$2 -> 0.00048086094
B38: 3.2.02-Ordenación de desechos | C38: 1430788520 | D38: 1314859444 | E38: 1.0184016e+08 | F38: =E38 -> 1.0184016e+08 | G38: 0 | H38: =E38/$M$2 -> 1.1674421e-05
B39: 3.2.04-Conciencia y conocimiento de la biodiversidad | C39: 402894786 | D39: 422614786 | E39: 2.4376484e+08 | F39: =E39 -> 2.4376484e+08 | G39: 0 | H39: =E39/$M$2 -> 2.794392e-05
B40: 3.2.06-Economía verde | C40: 5800000 | D40: 11726704 | E40: 7616856.4 | F40: =E40 -> 7616856.4 | G40: 0 | H40: =E40/$M$2 -> 8.7315638e-07
B41: 3.2.09-Áreas protegidas y otras medidas de conservación | C41: 1341832252 | D41: 1.4177093e+09 | E41: 9.3012537e+08 | F41: =E41 -> 9.3012537e+08 | G41: 0 | H41: =E41/$M$2 -> 0.00010662468
B42: 3.2.10-Restauración | C42: 1205895920 | D42: 1196319126 | E42: 5.9477532e+08 | F42: =E42 -> 5.9477532e+08 | G42: 0 | H42: =E42/$M$2 -> 6.8181917e-05
B43: 3.2.11-Uso sostenible | C43: 96423204 | D43: 96423204 | E43: 62203909 | F43: =E43 -> 62203909 | G43: 0 | H43: =E43/$M$2 -> 7.1307292e-06
B44: 3.2.12-Prevención de la producción de residuos por modificación de procesos | C44: 1300000 | D44: 1300000 | E44: 489400.78 | F44: =E44 -> 489400.78 | G44: 0 | H44: =E44/$M$2 -> 5.6102333e-08
B45: 3.2.14-Tratamiento y eliminación de residuos no peligrosos en vertederos | C45: 48847564 | D45: 78853414 | E45: 32995121 | F45: 0 | G45: =E45 -> 32995121 | H45: =E45/$M$2 -> 3.7823872e-06
B46: 3.2.98-Investigación y desarrollo relacionado con la protección del medio ambiente | C46: 21670500 | D46: 16096980 | E46: 16044578 | F46: =E46 -> 16044578 | G46: 0 | H46: =E46/$M$2 -> 1.8392661e-06
B47: 3.2.99-Planificación, gestión y supervisión de la protección del medio ambiente | C47: 3336540884 | D47: 3.2405983e+09 | E47: 2.2048669e+09 | F47: =E47 -> 2.2048669e+09 | G47: 0 | H47: =E47/$M$2 -> 0.00025275435
B48: 3.3-Cambio Climático | C48: =SUM(C49:C56) -> 6325782154 | D48: =SUM(D49:D56) -> 3.9346098e+09 | E48: =SUM(E49:E56) -> 2.4287329e+09 | F48: =SUM(F49:F56) -> 2.4287329e+09 | G48: =SUM(G49:G56) -> 0 | H48: =E48/$M$2 -> 0.00027841717
B49: 3.3.01-Mixtos | C49: 353570167 | D49: 409180115 | E49: 2.5979107e+08 | F49: =E49 -> 2.5979107e+08 | G49: 0 | H49: =E49/$M$2 -> 2.9781083e-05
B50: 3.3.02-Mitigación | C50: 5549769 | D50: 5549769 | E50: 3632479.4 | F50: =E50 -> 3632479.4 | G50: 0 | H50: =E50/$M$2 -> 4.1640835e-07
B51: 3.3.03-Conocimiento del riesgo de desastres climáticos | C51: 147468421 | D51: 1.5695501e+08 | E51: 96189513 | F51: =E51 -> 96189513 | G51: 0 | H51: =E51/$M$2 -> 1.102666e-05
B52: 3.3.04-Gobernanza del riesgo de desastres climáticos | C52: 31680000 | D52: 31680000 | E52: 16750516 | F52: =E52 -> 16750516 | G52: 0 | H52: =E52/$M$2 -> 1.9201911e-06
B53: 3.3.05-Reducción del riesgo de desastres climáticos | C53: 5262147142 | D53: 2.6062937e+09 | E53: 1.6812809e+09 | F53: =E53 -> 1.6812809e+09 | G53: 0 | H53: =E53/$M$2 -> 0.0001927332
B54: 3.3.06-Respuesta y recuperación de desastres climáticos | C54: 330078958 | D54: 444011939 | E54: 2.3471549e+08 | F54: =E54 -> 2.3471549e+08 | G54: 0 | H54: =E54/$M$2 -> 2.690655e-05
B55: 3.3.07-Otras medidas de adaptación | C55: 4539681 | D55: 4954725 | E55: 3309506 | F55: =E55 -> 3309506 | G55: 0 | H55: =E55/$M$2 -> 3.7938437e-07
B56: 3.3.99-Planificación, gestión y supervisión de cambio climático | C56: 190748016 | D56: 2.7598448e+08 | E56: 1.3306341e+08 | F56: =E56 -> 1.3306341e+08 | G56: 0 | H56: =E56/$M$2 -> 1.525369e-05
B57: Total general | C57: =C16+C19+C33 -> 148878137139 | D57: =D16+D19+D33 -> 1.5103224e+11 | E57: =E16+E19+E33 -> 1.2864461e+11 | F57: =F16+F19+F33 -> 2.9295827e+10 | G57: =G16+G19+G33 -> 9.9348783e+10 | H57: =E57/$M$2 -> 0.014747142
B58: Notas:
B59: *Cifras preliminares
B60: 1. Fecha de imputación al 23 de octubre de 2026 y fecha de registro al 26 de octubre de 2026. La fecha de imputación representa los gastos o ingresos en el momento de su ejecución, mientras que la fecha de registro representa el momento de su registro en el sistema, en la medida que se van regularizando los pagos.
B61: 2. El presupuesto vigente corresponde al presupuesto aprobado por el Congreso Nacional mediante la Ley núm. 99-25 de Presupuesto General del Estado para el ejercicio presupuestario del año 2026, modificada por la Ley núm. 43-26, más las modificaciones presupuestarias realizadas conforme a la Ley Orgánica de Presupuesto para el Sector Público, núm. 423-06.
B62: 3. Se utilizó el PIB del Panorama Macroeconómico actualizado al 25 de agosto 2026, elaborado por el Ministerio de Hacienda y Economía
B63: Fuente: Sistema de Información de la Gestión Financiera
